[Event "FIDE World Cup O10-B 2024"]
[Site "Batumi"]
[Date "2024.06.27"]
[Round "5.1"]
[White "Rahul Ramakrishnan"]
[Black "Shogdzhiev, Roman"]
[Result "1/2-1/2"]
[ECO "D10"]
[WhiteElo "1838"]
[BlackElo "2060"]
[Annotator "NA RC"]
[PlyCount "127"]
[EventDate "2024.06.23"]
[EventType "swiss"]
[EventCountry "GEO"]
[SourceTitle "playchess.com"]
[Source "ChessBase"]
[SourceQuality "1"]
[TimeControl "5400+30"]

1. d4 d5 2. c4 c6 3. cxd5 cxd5 4. Nc3 Nf6 5. Bf4 Nc6 6. e3 Bg4 7. Qb3 {[%emt 0:01:09] D10: Slav Defence: 3 cxd5 (without early Nf3) and 3 Nc3.} Na5 8. Qa4+ Bd7 9. Qc2 e6 10. Bd3 Be7 11. Nf3 Rc8 12. O-O O-O 13. Ne5 Nc4 14. Qe2 Nd6 15. a4 Be8 16. a5 (16. Nb5 $142) 16... a6 17. Rfc1 Nd7 18. Nxd7 Bxd7 19. Qh5 f5 20. Qf3 Ne4 $11 21. Bxe4 fxe4 22. Qd1 Rc4 23. b3 Rc8 24. Na4 Qxa5 25. Nc5 Qb5 26. b4 b6 27. Nxd7 Qxd7 28. Rxa6 Rxc1 29. Qxc1 Rc8 30. Qa1 Qc6 31. h3 Bxb4 32. Ra7 Bd6 33. Bxd6 Qxd6 34. Ra8 Qc6 35. Rxc8+ Qxc8 36. Qa7 Qc1+ 37. Kh2 Qc6 38. Qb8+ Kf7 39. Qf4+ Ke8 40. Qb8+ Kd7 41. Qg8 Qd6+ 42. g3 Qe7 43. Qa8 Qd8 44. Qa4+ Kd6 45. Qb4+ Kc6 46. Qa4+ Kb7 47. Qb5 g6 48. Kg2 Qc8 49. h4 Qc6 50. Qb4 Qd7 51. Qa3 Qc7 52. Qb4 Qd7 53. Qa3 b5 54. Qc5 Qc6 55. Qe7+ Ka6 56. g4 Qb7 57. Qa3+ Kb6 58. Qc5+ Ka5 59. Qa3+ Kb6 60. Qc5+ Ka6 61. Qa3+ Kb6 62. Qc5+ Ka5 63. Qa3+ Kb6 64. Qc5+ 1/2-1/2

[Event "FIDE World Cup O10-B 2024"]
[Site "Batumi"]
[Date "2024.06.27"]
[Round "5.2"]
[White "Ling, Chenxuan"]
[Black "Xia, Joshua"]
[Result "1-0"]
[ECO "D85"]
[WhiteElo "1868"]
[BlackElo "2060"]
[Annotator "NA RC"]
[PlyCount "97"]
[EventDate "2024.06.23"]
[EventType "swiss"]
[EventCountry "GEO"]
[SourceTitle "playchess.com"]
[Source "ChessBase"]
[SourceQuality "1"]
[TimeControl "5400+30"]

1. d4 Nf6 2. c4 g6 3. Nc3 d5 4. cxd5 Nxd5 5. Bd2 Bg7 6. e4 Nxc3 7. Bxc3 O-O 8. Qd2 e6 {[%emt 0:01:19] D85: Exchange Grünfeld: Unusual White 7th moves and lines with 7 Nf3.} 9. h4 b6 10. h5 c5 11. dxc5 Qxd2+ 12. Kxd2 Bxc3+ 13. Kxc3 bxc5 14. Bc4 Bb7 15. f3 Nc6 16. hxg6 hxg6 17. Nh3 Na5 {[%emt 0:28:25] [#]} 18. Ng5 (18. Bxe6 $1 $18 {and White stays clearly on top.} Rfe8 (18... fxe6 $2 {loses.} 19. Ng5 $18) 19. Bb3) 18... Nxc4 19. Kxc4 Ba6+ {[%emt 0:02:48] [#]} 20. Kc3 $1 Kg7 21. Rad1 Bb5 22. Rh7+ Kf6 23. f4 Ke7 24. Rd2 Rac8 25. g4 Bc6 $16 26. e5 Bd5 27. f5 gxf5 28. gxf5 Rcd8 29. f6+ Ke8 30. Rd3 a6 31. Rg3 Rd7 32. Rg7 Rh8 33. Nh7 Kd8 34. Rg8+ Rxg8 35. Rxg8+ Kc7 36. Ng5 Bxa2 37. Rg7 Kc6 38. Nxf7 Rd5 39. Ng5 c4 40. f7 Kb5 41. b4 Bb3 42. Ne4 Rd3+ 43. Kb2 Rf3 44. Rg3 Rf4 45. Nf6 Rf2+ 46. Kc3 Rc2+ 47. Kd4 Rd2+ 48. Ke3 Rd3+ 49. Kf4 1-0

[Event "FIDE World Cup O10-B 2024"]
[Site "Batumi"]
[Date "2024.06.27"]
[Round "5.3"]
[White "Zabelin, Platon"]
[Black "Yu, Zechen"]
[Result "1/2-1/2"]
[ECO "D36"]
[WhiteElo "1799"]
[BlackElo "1889"]
[Annotator "NA RC"]
[PlyCount "72"]
[EventDate "2024.06.23"]
[EventType "swiss"]
[EventCountry "GEO"]
[SourceTitle "playchess.com"]
[Source "ChessBase"]
[SourceQuality "1"]
[TimeControl "5400+30"]

1. d4 d5 2. c4 e6 3. Nc3 Nf6 4. cxd5 exd5 5. Bg5 Be7 6. e3 c6 7. Bd3 O-O 8. Qc2 h6 9. Bh4 Re8 10. Nge2 Nbd7 11. O-O Ne4 12. Bxe7 Qxe7 13. Bxe4 dxe4 14. Rfd1 {[%emt 0:02:09] D36: Queen's Gambit Declined: Exchange Variation: Main line (5 Bg5 c6 6 Qc2).} Nf6 15. d5 Bd7 16. dxc6 Bxc6 17. Nf4 (17. h3 $14 {might be stronger.}) 17... Rac8 18. Qe2 Red8 19. Rxd8+ Rxd8 20. Rd1 Rd6 21. h3 $11 Qd8 22. Rxd6 Qxd6 23. Qd1 Qxd1+ 24. Nxd1 Kf8 25. Kf1 Ke7 26. Ke1 Kd6 27. Kd2 Ke5 28. Nc3 Nd7 29. Nfe2 Nc5 30. Nd4 Nd3 31. Nxc6+ bxc6 32. f4+ Ke6 33. Nxe4 Nxb2 34. Kc3 Kd5 35. Nd2 Nd1+ 36. Kd3 f5 1/2-1/2

[Event "FIDE World Cup O10-B 2024"]
[Site "Batumi"]
[Date "2024.06.27"]
[Round "5.4"]
[White "Modith Aaroh Mutyalapati"]
[Black "Akramov, Khasan"]
[Result "1-0"]
[ECO "B27"]
[WhiteElo "1866"]
[BlackElo "1718"]
[Annotator "NA RC"]
[PlyCount "117"]
[EventDate "2024.06.23"]
[EventType "swiss"]
[EventCountry "GEO"]
[SourceTitle "playchess.com"]
[Source "ChessBase"]
[SourceQuality "1"]
[TimeControl "5400+30"]

1. e4 c5 2. Nf3 g6 3. d4 cxd4 4. Qxd4 Nf6 5. Qa4 Nc6 6. Nc3 d6 7. e5 dxe5 8. Nxe5 Bd7 9. Nxd7 Nxd7 10. Be3 Bg7 11. Be2 O-O 12. O-O Nb6 13. Qa3 Nd4 (13... Qc7 $11 {feels stronger.}) 14. Bxd4 $1 Qxd4 15. Qxe7 $14 Nd5 16. Nxd5 Qxd5 17. Rfd1 Qc6 18. Bd3 Rfe8 19. Qb4 a5 20. Qb5 Qc7 21. Bc4 Re7 22. c3 Rae8 23. g3 Qc8 24. Kg2 h5 25. h4 Qg4 26. f3 Qc8 27. Rd6 Re5 28. Rd5 Rxd5 29. Qxd5 Qc7 30. Rd1 Re7 31. Qd8+ Kh7 32. Qxc7 Rxc7 33. Bb5 Rc5 34. a4 Rc7 35. Rd5 Bf8 36. Bd3 f5 37. g4 hxg4 38. fxg4 fxg4 39. h5 Bh6 40. Bxg6+ Kg7 41. Kg3 Bc1 42. Rb5 Be3 43. Rxa5 Rc4 44. Bd3 Rc6 45. Kxg4 Rb6 46. Rb5 Rxb5 47. Bxb5 Kf6 48. Kf3 Bc1 49. b3 Bd2 50. c4 Bb4 51. Ke4 Ke6 52. Kd4 b6 53. h6 Bf8 54. h7 Bg7+ 55. Ke4 Bc3 56. b4 Kd6 57. a5 bxa5 58. c5+ Kc7 59. bxa5 1-0

[Event "FIDE World Cup O10-B 2024"]
[Site "Batumi"]
[Date "2024.06.27"]
[Round "5.5"]
[White "Karthik, Anand T."]
[Black "Azimov, Yasin"]
[Result "1-0"]
[ECO "E01"]
[WhiteElo "2022"]
[BlackElo "1833"]
[Annotator "NA RC"]
[PlyCount "95"]
[EventDate "2024.06.23"]
[EventType "swiss"]
[EventCountry "GEO"]
[SourceTitle "playchess.com"]
[Source "ChessBase"]
[SourceQuality "1"]
[TimeControl "5400+30"]

1. d4 Nf6 2. c4 e6 3. g3 Bb4+ 4. Nd2 O-O 5. Bg2 d5 6. Ngf3 c6 7. O-O {[%emt 0:01:02] E01: Catalan: Early deviations.} Nbd7 8. Qc2 Re8 9. e4 {[%emt 0:02:30] The main line 9.e4 scores better than 9.Rd1.} dxe4 10. Nxe4 Nxe4 11. Qxe4 Nf6 12. Qc2 h6 13. Rd1 Bd6 14. Be3 $146 ({Predecessor:} 14. h3 Qe7 15. c5 Bc7 16. Re1 Rd8 17. a4 Bd7 18. Ra3 Be8 19. a5 Nd5 20. Bd2 {1-0 Cederstam Barsk,C (2368)-Larsson,A (2203) SWE-chT 2122 Elite 2021 (5.3)}) 14... Ng4 {[%emt 0:01:53] [#]} 15. Bd2 $1 Qe7 16. h3 Nf6 17. a3 c5 18. dxc5 Bxc5 19. b4 Bd6 20. Bc3 Bc7 21. Ne5 a5 22. b5 Bb6 23. Nd3 (23. a4 $18) 23... Nd7 ({Better is} 23... e5) 24. Qb2 Qg5 ({Black should try} 24... e5) 25. Kh2 Nc5 26. Nxc5 $18 Bxc5 27. f4 Qg6 28. b6 f6 29. Rd2 Ra6 30. Qb5 Bxb6 31. c5 Bc7 32. Bxb7 Ra7 33. Be4 f5 34. Bc6 Rf8 35. Bd7 h5 36. h4 Ba6 37. Qc6 Bc4 38. Re1 Qg4 39. Rd4 Bd5 40. Rxd5 exd5 41. Re7 Bd8 42. Qe6+ Kh7 43. Rxg7+ Qxg7 44. Bxg7 Kxg7 45. Qxd5 Bf6 46. c6 Rb8 47. Qxf5 Rb2+ 48. Kh3 1-0

[Event "FIDE World Cup O10-B 2024"]
[Site "Batumi"]
[Date "2024.06.27"]
[Round "5.6"]
[White "Zhauynbay, Alimzhan"]
[Black "Shen, Houlin"]
[Result "1-0"]
[ECO "B67"]
[WhiteElo "1903"]
[BlackElo "1583"]
[Annotator "NA RC"]
[PlyCount "53"]
[EventDate "2024.06.23"]
[EventType "swiss"]
[EventCountry "GEO"]
[SourceTitle "playchess.com"]
[Source "ChessBase"]
[SourceQuality "1"]
[TimeControl "5400+30"]

1. e4 c5 2. Nf3 Nc6 3. d4 cxd4 4. Nxd4 Nf6 5. Nc3 d6 6. Bg5 e6 7. Qd2 a6 8. O-O-O Bd7 9. f4 b5 10. Bxf6 gxf6 11. Kb1 Qb6 12. Nxc6 Bxc6 13. f5 b4 {[%emt 0:00:33] B67: Sicilian: Richter-Rauzer: 7...a6 8 0-0-0 Bd7, lines without 9 f4 Be7.} 14. Ne2 e5 15. Ng3 h5 16. h4 Rd8 17. Bc4 Qc5 18. Qe2 ({But not} 18. Bxa6 $6 Be7 $16) 18... a5 19. b3 ({Weaker is} 19. Nxh5 Rxh5 20. Bxf7+ Kxf7 $11) 19... Ke7 20. Nxh5 Bxe4 21. Qxe4 Rxh5 22. Rd5 Qf2 $18 23. Rb5 Rd7 24. Qd5 Rh7 25. Rb7 Bh6 26. Rd1 Rxb7 27. Qxd6+ 1-0

[Event "FIDE World Cup O10-B 2024"]
[Site "Batumi"]
[Date "2024.06.27"]
[Round "5.7"]
[White "Jibladze, Nikoloz"]
[Black "AlJamaat, Khaled"]
[Result "0-1"]
[ECO "C58"]
[WhiteElo "1612"]
[BlackElo "1644"]
[Annotator "NA RC"]
[PlyCount "76"]
[EventDate "2024.06.23"]
[EventType "swiss"]
[EventCountry "GEO"]
[SourceTitle "playchess.com"]
[Source "ChessBase"]
[SourceQuality "1"]
[TimeControl "5400+30"]

1. e4 e5 2. Nf3 Nc6 3. Bc4 Nf6 4. Ng5 d5 5. exd5 Na5 6. Bb5+ c6 7. dxc6 bxc6 8. Qf3 Be7 9. Nc3 Bg4 10. Bxc6+ Kf8 11. Qg3 Nxc6 12. Nf3 Bxf3 13. Qxf3 Nd4 14. Qd1 g6 15. d3 Kg7 16. O-O Re8 17. f4 exf4 18. Bxf4 Bc5 19. Kh1 Nf5 20. Qf3 h5 21. Bg5 Be7 22. Rae1 Ng8 23. Bf4 Nf6 24. Bg5 Ng4 25. Bxe7 Rxe7 26. Ne4 Qc7 27. g3 Qxc2 28. Re2 Qc7 29. h3 Nd4 30. Qg2 Nxe2 31. Qxe2 Ne5 32. Qe3 Rae8 33. Qg5 Qc6 34. Kg1 f5 35. Rxf5 Nf7 36. Qf4 gxf5 37. g4 fxe4 38. gxh5 Qc5+ 0-1

[Event "FIDE World Cup O10-B 2024"]
[Site "Batumi"]
[Date "2024.06.27"]
[Round "5.8"]
[White "Muhammad Shayan Noushad Ibrahi"]
[Black "Kazimzade, Mahammad"]
[Result "1-0"]
[ECO "C44"]
[WhiteElo "1785"]
[BlackElo "1594"]
[Annotator "NA RC"]
[PlyCount "99"]
[EventDate "2024.06.23"]
[EventType "swiss"]
[EventCountry "GEO"]
[SourceTitle "playchess.com"]
[Source "ChessBase"]
[SourceQuality "1"]
[TimeControl "5400+30"]

1. e4 e5 2. Nf3 Nc6 3. c3 d5 4. Qa4 Bd7 5. exd5 Nd4 6. Qd1 Nxf3+ 7. Qxf3 Nf6 8. Bc4 Bd6 9. d3 O-O 10. Bg5 Be7 11. Bxf6 Bxf6 12. Nd2 Bg5 13. Ne4 Bh6 14. O-O Kh8 15. Nc5 Bc8 16. Rfe1 Qd6 17. Ne4 Qb6 18. Rab1 Bd7 19. b4 Rae8 20. Qh5 Bb5 21. Bxb5 Qxb5 22. c4 Qa4 23. Nc5 Qxa2 24. Nd7 f5 25. Nxf8 Rxf8 26. Qe2 Qa4 27. Qxe5 Bd2 28. Red1 Bxb4 29. Qxc7 b6 30. d6 Qa2 31. Rxb4 Qc2 32. Rbb1 Qc3 33. d4 Qa3 34. c5 Qa2 35. d5 Qe2 36. d7 Qe7 37. d6 Qf6 38. c6 a5 39. Qxb6 a4 40. c7 a3 41. c8=Q h6 42. d8=Q Rxd8 43. Qcxd8+ Kh7 44. Qxf6 gxf6 45. d7 a2 46. Ra1 Kg6 47. d8=Q f4 48. Qdxf6+ Kh5 49. Qc5+ Kg4 50. f3# 1-0

[Event "FIDE World Cup O10-B 2024"]
[Site "Batumi"]
[Date "2024.06.27"]
[Round "5.9"]
[White "Akramov, Khusan"]
[Black "Lazarev, Egor"]
[Result "0-1"]
[ECO "A21"]
[WhiteElo "1477"]
[BlackElo "1683"]
[Annotator "NA RC"]
[PlyCount "86"]
[EventDate "2024.06.23"]
[EventType "swiss"]
[EventCountry "GEO"]
[SourceTitle "playchess.com"]
[Source "ChessBase"]
[SourceQuality "1"]
[TimeControl "5400+30"]

1. c4 f5 2. g3 Nf6 3. Bg2 g6 4. Nc3 Bg7 5. d3 O-O 6. Nf3 d6 7. O-O e5 8. Bg5 h6 9. Bd2 g5 10. Rb1 f4 11. b4 Qe8 12. c5 d5 13. a4 c6 14. b5 Nbd7 15. Na2 Rf7 16. Rc1 Nf8 17. Qb3 Ng6 18. bxc6 bxc6 19. Qc2 g4 20. Ne1 h5 21. d4 e4 22. Bxf4 Nxf4 23. gxf4 Bh6 24. e3 Ba6 25. Nc3 Bxf1 26. Bxf1 h4 27. a5 Rg7 28. Bg2 Qg6 29. Ne2 Nh5 30. Qb3 Kh7 31. Nc3 Re7 32. Nxd5 Qf7 33. Bxe4+ Rxe4 34. Nf6+ Qxf6 35. Qb7+ Re7 36. Qxa8 Nxf4 37. exf4 Bxf4 38. Rd1 Bxh2+ 39. Kf1 Bg3 40. Rd2 h3 41. Re2 Rxe2 42. Kxe2 h2 43. Qb7+ Kh6 0-1

[Event "FIDE World Cup O10-B 2024"]
[Site "Batumi"]
[Date "2024.06.27"]
[Round "5.11"]
[White "Bergmann, Rafael Antonio"]
[Black "Kvaratskhelia, Giorgi"]
[Result "1-0"]
[ECO "C78"]
[WhiteElo "1743"]
[BlackElo "1548"]
[Annotator "NA RC"]
[PlyCount "177"]
[EventDate "2024.06.23"]
[EventType "swiss"]
[EventCountry "GEO"]
[SourceTitle "playchess.com"]
[Source "ChessBase"]
[SourceQuality "1"]
[TimeControl "5400+30"]

1. e4 e5 2. Nf3 Nc6 3. Bb5 a6 4. Ba4 Nf6 5. d3 b5 6. Bb3 Bc5 7. O-O O-O 8. a4 Bb7 9. Nc3 b4 10. Ne2 d5 11. exd5 Nxd5 12. Ng3 Nf4 13. Ne4 Bb6 14. Nxe5 Nh3+ 15. gxh3 Nxe5 16. Qh5 Bxe4 17. Qxe5 Bb7 18. Qf4 Qd7 19. Qg4 Qc6 20. Qe4 Qxe4 21. dxe4 Bxe4 22. Bg5 h6 23. Be7 Rfe8 24. Bxb4 Re5 25. Bd2 Rd8 26. Bf4 Rh5 27. Rad1 Rxd1 28. Rxd1 Rxh3 29. Bg3 Rh5 30. Rd8+ Kh7 31. Bxf7 Rc5 32. c3 Bc2 33. Be8 Rc4 34. Be5 Bf5 35. Bd7 Rg4+ 36. Bg3 Bxd7 37. Rxd7 Rxa4 38. Bxc7 Bxc7 39. Rxc7 Ra1+ 40. Kg2 Rb1 41. Rb7 a5 42. Rb5 a4 43. Rb4 Kg6 44. Kf3 Kh5 45. h4 g5 46. hxg5 hxg5 47. Ke2 Kg6 48. Ke3 Kh5 49. Rxa4 Rxb2 50. Kf3 Rb3 51. Rc4 Ra3 52. Kg2 Ra2 53. Rc8 Rc2 54. c4 Kg6 55. c5 Kf7 56. Rc7+ Ke6 57. Kg3 Kf6 58. c6 Ke6 59. f3 Rc3 60. Rc8 Ke7 61. Rc7+ Kd6 62. Rc8 Rc4 63. Rh8 Kc7 64. Rh6 Kb6 65. Rf6 Rd4 66. Rg6 Rc4 67. Rxg5 Kxc6 68. Re5 Kd6 69. f4 Rc1 70. Kg4 Rg1+ 71. Kf5 Rg8 72. Re6+ Kd7 73. Ke5 Rf8 74. f5 Rf7 75. f6 Kd8 76. Kf5 Kd7 77. Re4 Rh7 78. Kg6 Rh1 79. Kg7 Rg1+ 80. Kf8 Rf1 81. f7 Kd8 82. Rd4+ Kc7 83. Ke7 Re1+ 84. Kf6 Rf1+ 85. Ke6 Re1+ 86. Kf5 Re8 87. fxe8=Q Kb7 88. Qb5+ Ka8 89. Ra4# 1-0

[Event "FIDE World Cup O10-B 2024"]
[Site "Batumi"]
[Date "2024.06.27"]
[Round "5.12"]
[White "Kiringoda, Thehas Rithmitha"]
[Black "Popov, Aleksandr And"]
[Result "1-0"]
[ECO "D02"]
[WhiteElo "1641"]
[BlackElo "1661"]
[Annotator "NA RC"]
[PlyCount "135"]
[EventDate "2024.06.23"]
[EventType "swiss"]
[EventCountry "GEO"]
[SourceTitle "playchess.com"]
[Source "ChessBase"]
[SourceQuality "1"]
[TimeControl "5400+30"]

1. d4 Nf6 2. Bf4 c5 3. c3 Qb6 4. Qc2 Nc6 5. e3 d5 6. Nf3 Bg4 7. Nbd2 e6 8. Be2 Bf5 9. Qc1 Be7 10. O-O O-O 11. Ne5 Nxe5 12. Bxe5 Nd7 13. Bg3 Rac8 14. Nf3 Bd6 15. Qd2 Bxg3 16. hxg3 h6 17. Rfd1 Nf6 18. Ne5 Rfd8 19. Bf3 Ne4 20. Bxe4 Bxe4 21. Qe2 f6 22. Nd3 Bxd3 23. Rxd3 Re8 24. dxc5 Rxc5 25. Rad1 f5 26. Rd4 Qb5 27. Qh5 Rf8 28. Rb4 Qc6 29. g4 fxg4 30. Rxg4 Qe8 31. Qxh6 Qf7 32. Qh4 Rb5 33. Rf4 Qe8 34. Rxf8+ Qxf8 35. Rd2 Qf6 36. Qh5 Qf7 37. Qe2 Rc5 38. e4 dxe4 39. Rd8+ Kh7 40. Qxe4+ Rf5 41. Qd3 Qg6 42. Rd7 Rf7 43. Qxg6+ Kxg6 44. Rxf7 Kxf7 45. Kf1 Kf6 46. Ke2 Ke5 47. Ke3 Kf5 48. b3 Ke5 49. f4+ Kf5 50. Kf3 g5 51. fxg5 Kxg5 52. Ke4 Kf6 53. a4 Kg5 54. Ke5 Kg4 55. Kxe6 Kg3 56. c4 Kxg2 57. b4 a5 58. bxa5 Kf3 59. c5 Ke4 60. a6 Kd4 61. axb7 Kxc5 62. b8=Q Kd4 63. Qb4+ Kd3 64. Kd5 Kc2 65. Kd4 Kd1 66. Kd3 Kc1 67. a5 Kd1 68. Qb1# 1-0